 Dungeon Crawl Stone Soup version 0.17.0-28-g6e173f8 (webtiles) character file.

6708 septik the Cleaver (level 10, 0/92 HPs)
             Began as a Minotaur Berserker on Nov 26, 2015.
             Was an Elder of Trog.
             Slain by a komodo dragon (19 damage)
             ... on level 1 of the Lair of Beasts.
             The game lasted 00:16:41 (5965 turns).

septik the Cleaver (Minotaur Berserker)             Turns: 5965, Time: 00:16:43

Health: 0/92       AC: 10    Str: 27    XL:     10   Next: 74%
Magic:  9/9        EV: 17    Int:  4    God:    Trog [****..]
Gold:   423        SH:  2    Dex: 15    Spells: 0 memorised, 9 levels left

rFire  + . .     SeeInvis .     G - +4 spear of Hefeps {freeze, MR- Dex+5}
rCold  . . .     Clarity  .     R - +0 troll leather armour
rNeg   . . .     SustAt   .     (no shield)
rPois  .         Gourm    .     (helmet restricted)
rElec  .         Spirit   .     (no cloak)
rCorr  .         Warding  .     (no gloves)
rMut   +         Stasis   .     X - +0 pair of boots
MR     .....                    z - amulet of resist mutation
Stlth  +.........               T - ring of flight
                                J - +2 ring of protection

@: not resistant to hostile enchantments, very unstealthy
A: retaliatory headbutt, fangs 1, horns 2, large bone plates 1, fire resistance
1, strong 1, wild magic 1, evolution 1
a: Berserk, Trog's Hand, Brothers in Arms, Burn Spellbooks, Renounce Religion,
Evoke Flight


You were on level 1 of the Lair of Beasts.
You worshipped Trog.
Trog was greatly pleased with you.
You were very hungry.

You visited 2 branches of the dungeon, and saw 12 of its levels.

You collected 423 gold pieces.

Inventory:

Hand Weapons
 u - a +4 whip
 E - a +2 hand axe of chopping
 G - the +4 spear of Hefeps (weapon) {freeze, MR- Dex+5}
   (You found it on level 6 of the Dungeon)

   It has been specially enchanted to freeze those struck by it, causing extra
   injury to most foes and up to half again as much damage against particularly
   susceptible opponents.
   It can also slow down cold-blooded creatures.
   It affects your dexterity (+5).
   It affects your resistance to hostile enchantments.
Missiles
 b - 30 poisoned needles
 e - 309 stones (quivered)
 m - 4 throwing nets
Armour
 h - a +0 chain mail
 i - a +0 ring mail
 R - a +0 troll leather armour (worn)
 U - a +0 buckler
 X - a +0 pair of boots (worn)
Jewellery
 l - the amulet "Ovaezy" {Ward rC+ rN+ MR- Str+3, unknown}
   (You found it on level 1 of the Lair of Beasts)

   [amulet of warding]

   It may prevent the melee attacks of summoned creatures.
   It affects your strength (+3).
   It protects you from cold.
   It protects you from negative energy.
   It affects your resistance to hostile enchantments.
 o - an uncursed amulet of resist corrosion
 z - an amulet of resist mutation (around neck)
 J - a +2 ring of protection (left hand)
 O - an uncursed ring of stealth
 T - a ring of flight (right hand)
Wands
 D - a wand of polymorph (10)
 Q - a wand of random effects (33)
 S - a wand of teleportation (3)
 V - a wand of enslavement (16)
Scrolls
 j - 3 scrolls of fear {unknown}
 q - 3 scrolls of identify
 r - 2 scrolls of immolation
 t - a scroll of enchant armour
 y - 3 scrolls of remove curse
 B - 3 scrolls of random uselessness {unknown}
 F - a scroll of enchant weapon {unknown}
 H - a scroll of magic mapping {unknown}
 I - 4 scrolls of recharging {unknown}
 K - a scroll of noise {unknown}
 L - a scroll of torment {unknown}
 M - 2 scrolls of blinking {unknown}
 N - 2 scrolls of teleportation {unknown}
Potions
 d - a potion of cure mutation {unknown}
 n - 6 potions of curing
 p - 3 potions of agility
 v - 2 potions of might
 x - 4 potions of invisibility
 A - 3 potions of magic
 C - 2 potions of lignification
 P - a potion of heal wounds
Books
 w - a book of Burglary

   Spells                             Type                      Level
   a - Swiftness                      Charms/Air                   2
   b - Passwall                       Transmutation/Earth          3
   c - Passage of Golubria            Translocation                4
   d - Lee's Rapid Deconstruction     Earth                        5
   e - Darkness                       Hexes                        6
   f - Invisibility                   Hexes                        6
   Trog disapproves of the use of such an item.
Comestibles
 a - 2 beef jerkies
 c - 9 bread rations
 f - a royal jelly
 g - 3 slices of pizza
 k - 6 meat rations
 s - 30 fruits


   Skills:
 + Level 9.7 Fighting
 * Level 13.0 Axes
 - Level 8.0 Armour
 + Level 8.7 Dodging


You had 9 spell levels left.
You didn't know any spells.

Dungeon Overview and Level Annotations

Branches:
Dungeon (10/15)            Temple (0/1) D:4            Lair (2/8) D:10
    Orc: D:9-12

Altars:
Ashenzari
Gozag
Makhleb
Nemelex Xobeh
Okawaru
Xom

Shops:
D:8 }


Innate Abilities, Weirdness & Mutations

You reflexively headbutt those who attack you in melee.
You have a pair of horns on your head.
You have very sharp teeth.
You are partially covered in large bone plates (AC +2, SH +2).
Your flesh is heat resistant.
Your muscles are strong. (Str +2)
Your spells are a little harder to cast, but a little more powerful.
You evolve.


Message History

You are too injured to fight recklessly!
The komodo dragon misses you.
There is a stone staircase leading up here.
The blink frog is no longer moving slowly.
The blink frog hits you but does no damage.
The blink frog closely misses you. The komodo dragon bites you!
The blink frog barely misses you.
You climb upwards.
There is a stone staircase leading down here.
You hit the blink frog. You freeze the blink frog.
The blink frog seems to slow down.
The blink frog is severely wounded.
The blink frog momentarily phases out as your attack passes through it.
Your headbutt passes through the blink frog as it momentarily phases out.
The blink frog is severely wounded.
The blink frog hits you!
* * * LOW HITPOINT WARNING * * *
The blink frog hits you but does no damage.
The komodo dragon bites you!!
You die...

.......^...............##
########...............#
#........#.#...#.P+###.#
#........#...........#.#
#........#.............#
.........#.#.........#.##
#........#.#.........#.P#
#........#......Fl...#.##
##.####+.#.#...F@.......#
...........#.#P+##.###.##
........................#
.......................##
############P####.######
### ###


You could see a komodo dragon and 2 blink frogs.

Vanquished Creatures
  The ghost of skk the Nimble, a novice DrFi of Cheibriados (Lair:1)
  A gargoyle (D:10)
  A centaur skeleton (D:10)
  A tengu conjurer (D:10)
  A troll (D:9)
  Grinder (D:6)
  A two-headed ogre (D:8)
  A blink frog (Lair:2)
  Sigmund (D:2)
  5 yaks (Lair:1)
  A hungry ghost (D:8)
  A mottled dragon (D:7)
  A water moccasin (D:10)
  The ghost of septik the Conjurer, an amateur DECj of Vehumet (D:4)
  3 ice beasts
  A wasp (D:9)
  3 ogres
  2 phantoms
  A sky beast (D:5)
  3 centaurs
  A crocodile (Lair:2)
  A big kobold (D:7)
  2 giant frogs (D:9)
  A gnoll sergeant (D:10)
  A scorpion (D:7)
  5 killer bees (D:9)
  3 wights (D:9)
  A giant frog zombie (D:10)
  A crimson imp (D:6)
  A centaur zombie (D:8)
  5 orc priests
  A giant frog skeleton (D:8)
  A jelly (D:10)
  7 orc wizards
  2 hounds
  3 iguanas (Lair:1)
  2 killer bee zombies
  6 worker ants
  2 hound skeletons (D:7)
  2 hound zombies
  18 gnolls
  10 adders
  A shadow imp (D:5)
  An adder zombie (D:8)
  A worm (D:2)
  4 giant geckos
  30 orcs
  2 ball pythons (D:2)
  5 goblins
  7 hobgoblins
  3 jackals (D:1)
  6 bats
  3 giant cockroaches
  A giant cockroach zombie (D:5)
  5 giant newts
  13 kobolds
  6 quokkas
  A quokka zombie (D:9)
  12 rats
208 creatures vanquished.

Notes
Turn   | Place    | Note
--------------------------------------------------------------
     0 | D:1      | septik the Minotaur Berserker began the quest for the Orb.
     0 | D:1      | Reached XP level 1. HP: 19/19 MP: 0/0
   174 | D:1      | Reached skill level 4 in Axes
   175 | D:1      | Reached XP level 2. HP: 21/27 MP: 1/1
   394 | D:2      | Found an opulent altar of Gozag.
   456 | D:2      | Reached ** piety under Trog
   514 | D:3      | Reached XP level 3. HP: 30/33 MP: 2/2
   635 | D:2      | Reached XP level 4. HP: 32/40 MP: 3/3
   733 | D:2      | Noticed Sigmund
   743 | D:2      | Killed Sigmund
   743 | D:2      | Reached skill level 5 in Axes
   743 | D:2      | Reached XP level 5. HP: 47/47 MP: 4/4
  1128 | D:3      | Noticed a phantom
  1146 | D:3      | Killed a phantom
  1146 | D:3      | Reached skill level 5 in Fighting
  1146 | D:3      | Reached skill level 6 in Axes
  1146 | D:3      | Reached XP level 6. HP: 43/56 MP: 5/5
  1199 | D:3      | Found a burning altar of Makhleb.
  1256 | D:4      | Noticed septik's ghost (amateur DECj)
  1267 | D:4      | Killed septik's ghost
  1531 | D:4      | Found a shattered altar of Ashenzari.
  1561 | D:4      | Found a staircase to the Ecumenical Temple.
  1567 | D:4      | Reached XP level 7. HP: 61/61 MP: 6/6
  1673 | D:5      | Entered Level 5 of the Dungeon
  1692 | D:5      | Reached skill level 7 in Axes
  1727 | D:5      | Reached *** piety under Trog
  1790 | D:5      | Found a sparkling altar of Nemelex Xobeh.
  1926 | D:5      | Reached skill level 5 in Armour
  1970 | D:5      | Found an iron altar of Okawaru.
  2007 | D:5      | Gained mutation: You are partially covered in large bone plates (AC +2, SH +2). [mutagenic meat]
  2008 | D:5      | Gained mutation: Your spells are a little harder to cast, but a little more powerful. [mutagenic meat]
  2009 | D:5      | Gained mutation: Your muscles are strong. (Str +2) [mutagenic meat]
  2010 | D:5      | Gained mutation: Your flesh is heat resistant. [mutagenic meat]
  2011 | D:5      | Gained mutation: You evolve. [mutagenic meat]
  2462 | D:6      | Noticed Grinder
  2466 | D:6      | Killed Grinder
  2466 | D:6      | Reached skill level 8 in Axes
  2466 | D:6      | Reached XP level 8. HP: 70/70 MP: 7/7
  2588 | D:6      | Reached skill level 5 in Dodging
  2737 | D:6      | Found a shattered altar of Ashenzari.
  2768 | D:6      | Got a pitted spear
  2769 | D:6      | Identified the +4 spear of Hefeps {freeze, MR- Dex+5} (You found it on level 6 of the Dungeon)
  3152 | D:7      | Reached skill level 9 in Axes
  3193 | D:7      | Found a burning altar of Makhleb.
  3503 | D:7      | Reached XP level 9. HP: 58/79 MP: 8/8
  3506 | D:7      | Reached **** piety under Trog
  3630 | D:8      | Reached skill level 10 in Axes
  3647 | D:8      | Found Roezekos's Gadget Emporium.
  3687 | D:8      | Gained mutation: You have very sharp teeth. [evolution]
  3861 | D:8      | Found a shimmering altar of Xom.
  3902 | D:8      | Found a shimmering altar of Xom.
  3904 | D:8      | Found a shimmering altar of Xom.
  3904 | D:8      | Found a shimmering altar of Xom.
  4406 | D:9      | Reached skill level 11 in Axes
  4812 | D:10     | Entered Level 10 of the Dungeon
  4850 | D:10     | Reached XP level 10. HP: 87/90 MP: 9/9
  4956 | D:10     | Noticed a centaur skeleton
  4965 | D:10     | Killed a centaur skeleton
  5018 | D:10     | Found a staircase to the Lair.
  5118 | D:10     | Noticed a tengu conjurer
  5132 | D:10     | Killed a tengu conjurer
  5132 | D:10     | Reached skill level 12 in Axes
  5209 | Lair:1   | Entered Level 1 of the Lair of Beasts
  5218 | Lair:1   | Got a faintly glowing platinum amulet
  5309 | Lair:1   | Reached ***** piety under Trog
  5404 | Lair:1   | Noticed skk's ghost (novice DrFi)
  5427 | Lair:1   | Killed skk's ghost
  5955 | Lair:2   | Reached skill level 13 in Axes
  5965 | Lair:1   | Slain by a komodo dragon

Action                   |  1- 3 |  4- 6 |  7- 9 | 10-12 || total
-------------------------+-------+-------+-------+-------++-------
Melee: Hand axe          |    66 |    54 |   111 |       ||   231
       Whip              |       |    26 |       |       ||    26
       Spear             |       |       |   213 |    52 ||   265
       Trident           |       |       |       |    95 ||    95
Invok: Berserk           |     1 |     2 |     8 |     2 ||    13
       Trog's Hand       |     1 |     1 |     3 |       ||     5
  Use: Scroll            |       |       |    12 |       ||    12
 Stab: Distracted        |       |       |     1 |       ||     1
  Eat: Chunk             |       |     5 |    27 |     5 ||    37
